 Dungeon Sprint DCSS version 0.31-a0-1-g4198be8af4 (webtiles) character file.

Game seed: 17251618239745241455

1750 greasedhog the Fencer (level 8, 0/124 HPs)
             Began as a Red Draconian Berserker on May 1, 2023.
             Was an Elder of Trog.
             Shot with an arrow by a centaur warrior (19 damage)
             ... in the Dungeon (Sprint I: "Red Sonja").
             The game lasted 00:02:57 (897 turns).

greasedhog the Fencer (Red Draconian Berserker)      Turns: 897, Time: 00:02:58

Health: 0/124      AC:  6    Str: 19    XL:     8   Next: 78%
Magic:  8/8        EV: 14    Int:  8    God:    Trog [****..]
Gold:   724        SH:  0    Dex: 13    Spells: 7/7 levels left

rFire   + . .        a - +0 falchion
rCold   . . .        (no shield)
rNeg    . . .        (body armour unavailable)
rPois   .            (helmet restricted)
rElec   .            (no cloak)
rCorr   .            (no gloves)
SInv    .            (no boots)
Will    .....        (no amulet) Stlth
                     (no ring)
HPRegen 0.40/turn    (no ring)
MPRegen 0.11/turn

%: no teleportation
@: berserking, short of breath, very quick
A: breathe fire, AC +6, unfitting armour, fire resistance 1, cold-blooded
a: Breathe Fire, Renounce Religion, Berserk, Trog's Hand, Brothers in Arms


You were in the Dungeon.
You worshipped Trog.
Trog was greatly pleased with you.
You visited 1 branch You collected 724 gold pieces.

Inventory:

Hand Weapons
 a - a +0 falchion (weapon)
Missiles
 k - 2 curare-tipped darts (quivered)
Wands
 h - a wand of quicksilver (3)
Scrolls
 g - a scroll of blinking
 j - a scroll of magic mapping {unknown}
Potions
 b - 4 potions of curing
 c - a potion of heal wounds
 d - a potion of haste
 e - 2 potions of magic
 f - a potion of berserk rage
 i - a potion of mutation {unknown}
 l - a potion of degeneration {unknown}


   Skills:
 * Level 12.2 Fighting
 - Level 15.2 Long Blades
 + Level 6.7 Dodging
 - Level 0.2 Stealth
 - Level 1.1 Evocations


You had 7 spell levels left.
You didn't know any spells.
Your spell library was empty.

Dungeon Overview and Level Annotations

Branches:
Dungeon (1/1)

Altars:
Cheibriados
Dithmenos
Elyvilon
Fedhas
Gozag
Hepliaklqana
Kikubaaqudgha
Makhleb
Nemelex Xobeh
Okawaru
Qazlal
Ru
Sif Muna
Trog
Uskayaw
Vehumet
Wu Jian
Xom
Yredelemnul
Zin
The Shining One
Jiyva
Lugonu

Shops:
D =


Innate Abilities, Weirdness & Mutations

You can breathe blasts of fire.
Your fiery red scales are hard. (AC +6)
You cannot fit into any form of body armour.
Your flesh is heat resistant. (rF+)
You are cold-blooded and may be slowed by cold attacks.


Message History

The centaur warrior barely misses you.
The centaur warrior hits you but does no damage.
The centaur warrior kicks you but does no damage.
The centaur warrior hits you but does no damage.
The centaur warrior kicks you.
The centaur warrior hits you but does no damage.
The centaur warrior kicks you but does no damage.
The centaur warrior attacks as you move away!
The centaur warrior hits you.
The centaur warrior kicks you but does no damage.
The centaur warrior hits you. The centaur warrior misses you.
The centaur warrior wields a +0 shortbow.
The centaur warrior shoots an arrow.
The arrow misses you. The centaur warrior hits you!
The centaur warrior barely misses you.
Aiming: Breathe Fire (4% risk of failure)
Press: ? - help, Shift-Dir - straight line, f - centaur warrior
Aim: a centaur warrior, wielding a +0 shortbow (purple smoke, 77% to hit)
You breathe a blast of fire.
The fiery breath hits the centaur warrior!
The centaur warrior is moderately wounded.
The fiery breath hits the centaur warrior!
The centaur warrior is lightly wounded.
The centaur warrior shoots an arrow.
The arrow hits you!! The centaur warrior hits you!
* * * LOW HITPOINT WARNING * * *
The centaur warrior misses you.
The centaur warrior shoots an arrow.
The arrow completely misses you.
A red film seems to cover your vision as you go berserk!
You feel yourself moving faster!
You feel mighty!
The centaur warrior hits you but does no damage.
The centaur warrior kicks you.
* * * LOW HITPOINT WARNING * * *
The centaur warrior shoots an arrow.
The arrow hits you.
* * * LOW HITPOINT WARNING * * *
The centaur warrior completely misses you.
The centaur warrior closely misses you.
You closely miss the centaur warrior.
The centaur warrior is lightly wounded.
The centaur warrior shoots an arrow.
The arrow hits you!!
You die...

######################
..)..#.)'..#__#..')..#
..#..'..#..'..'..#)..#
####'#####'#__####...+
###..#...#.####§§#####
__####..##.#§~§§§#
_____##'#_.'§§cc§+
_.∩...'..._#~~§§@#
_..__##_.#'##+####
_____###'#(#
########)###
......'...+
+++####...# ###.###
#.#'#.# #.....#


You could see 2 centaur warriors.

Vanquished Creatures
  Sonja (D)
  2 kobold demonologists (D)
  A slime creature (D)
  Sigmund (D)
  A yak (D)
  A floating eye (D)
  An ogre (D)
  A jelly (D)
  Ijyb (D)
10 creatures vanquished.

Vanquished Creatures (others)
  2 ballistomycete spores (D)
2 creatures vanquished.

Grand Total: 12 creatures vanquished

Notes
Turn   | Place    | Note
-------+----------+-------------------------------------------
     0 | D        | greasedhog the Draconian Berserker began the quest for the
                  | Orb.
     0 | D        | Reached XP level 1. HP: 19/19 MP: 1/1
     1 | D        | Noticed Ijyb
     7 | D        | Killed Ijyb
     8 | D        | Reached skill level 5 in Long Blades
     8 | D        | Reached XP level 2. HP: 28/28 MP: 2/2
    35 | D        | Noticed an ogre
    37 | D        | HP: 1/28 [ogre/+0 giant club (27)]
    38 | D        | Killed an ogre
    39 | D        | Reached skill level 7 in Long Blades
    39 | D        | Reached XP level 3. HP: 2/38 MP: 3/3
    39 | D        | Reached XP level 4. HP: 2/45 MP: 4/4
   206 | D        | Noticed Sigmund
   214 | D        | Killed Sigmund
   214 | D        | Reached ** piety under Trog
   215 | D        | Reached skill level 10 in Long Blades
   215 | D        | Reached XP level 5. HP: 56/56 MP: 5/5
   215 | D        | Reached XP level 6. HP: 62/62 MP: 6/6
   229 | D        | Found an ornate altar of the Wu Jian Council.
   229 | D        | Found a shimmering blue altar of Sif Muna.
   231 | D        | Found a radiant altar of Vehumet.
   349 | D        | Found a burning altar of Makhleb.
   349 | D        | Found a viscous altar of Jiyva.
   349 | D        | Found a shimmering altar of Xom.
   349 | D        | Found a corrupted altar of Lugonu.
   349 | D        | Noticed a slime creature
   359 | D        | Killed a slime creature
   360 | D        | Reached skill level 12 in Long Blades
   360 | D        | Reached skill level 1 in Evocations
   383 | D        | Found Ticoder's Jewellery Emporium.
   383 | D        | Found an ancient bone altar of Kikubaaqudgha.
   383 | D        | Found a hazy altar of Hepliaklqana.
   383 | D        | Found a stormy altar of Qazlal.
   383 | D        | Found a hide-covered altar of Uskayaw.
   383 | D        | Found a blossoming altar of Fedhas.
   383 | D        | Found a bloodstained altar of Trog.
   383 | D        | Found an iron altar of Okawaru.
   383 | D        | Found a basalt altar of Yredelemnul.
   383 | D        | Found a glowing golden altar of the Shining One.
   383 | D        | Found a snail-covered altar of Cheibriados.
   383 | D        | Found a sacrificial altar of Ru.
   383 | D        | Found a glowing silver altar of Zin.
   383 | D        | Found a shadowy altar of Dithmenos.
   383 | D        | Found a white marble altar of Elyvilon.
   383 | D        | Noticed a yak
   384 | D        | Found an opulent altar of Gozag.
   399 | D        | Killed a yak
   400 | D        | Reached skill level 10 in Fighting
   400 | D        | Your scales start taking on a fiery red colour.
   400 | D        | Reached XP level 7. HP: 25/73 MP: 7/7
   400 | D        | Gained mutation: Your flesh is heat resistant. (rF+) [Red
                  | Draconian growth]
   400 | D        | Found a sparkling altar of Nemelex Xobeh.
   565 | D        | Noticed a kobold demonologist
   565 | D        | Noticed a kobold demonologist
   566 | D        | Paralysed by a floating eye for 4 turns
   571 | D        | Reached *** piety under Trog
   572 | D        | Reached skill level 13 in Long Blades
   573 | D        | Noticed a smoke demon
   573 | D        | Noticed a smoke demon
   584 | D        | Noticed a sixfirhy
   584 | D        | Killed a kobold demonologist
   585 | D        | Reached skill level 5 in Dodging
   589 | D        | Killed a kobold demonologist
   589 | D        | Reached **** piety under Trog
   590 | D        | Reached skill level 14 in Long Blades
   590 | D        | Reached XP level 8. HP: 53/82 MP: 8/8
   614 | D        | Noticed Sonja
   625 | D        | Killed Sonja
   626 | D        | Reached skill level 15 in Long Blades
   886 | D        | Noticed a centaur warrior
   889 | D        | Noticed a centaur warrior
   897 | D        | Shot with an arrow by a centaur warrior

Illustrated notes

Levels and vault maps discovered:
D:        dungeon_sprint_1 [red_sonja_temple_1, red_sonja_temple_small_1]

Skill      XL: |  1  2  3  4  5  6  7  8 |
---------------+-------------------------+-----
Fighting       | 4 6 8 10 11 12 | 12.2
Long Blades    | 5 7 10 12 14 15 | 15.2
Evocations     | 1 |  1.1
Dodging        | 3 5 6 |  6.7
Stealth        | |  0.2

Action                     |  1- 3 |  4- 6 |  7- 9 || total
---------------------------+-------+-------+-------++-------
  Melee: Falchion          |     6 |    35 |    22 ||    63
         Tailslap          |       |     7 |     2 ||     9
         Punch             |       |     2 |       ||     2
 Invoke: Berserk           |     1 |     2 |     3 ||     6
Ability: Breathe Fire      |       |       |     1 ||     1
  Evoke: Wand              |     2 |       |     4 ||     6
 Armour: Skin              |       |     6 |    11 ||    17
  Dodge: Dodged            |     2 |    13 |    24 ||    39

Table legend: (Time is in decaauts)
 A = Elapsed time spent in this place.
 B = Non-inter-level travel time spent in this place.
 C = Inter-level travel time spent in this place.
 D = Time resting spent in this place.
 E = Time spent auto-exploring this place.
 F = Levels seen in this place.
 G = Mean time per level.
                   A        B        C        D        E       F      G
               +--------+--------+--------+--------+--------+-----+--------+
         Total |    941 |    941 |      0 |    650 |      0 |   1 |  941.0 |
       Dungeon |    941 |    941 |      0 |    650 |      0 |   1 |  941.0 |
               +--------+--------+--------+--------+--------+-----+--------+

Top non-repeatable levels by time:
       D: 941 daAuts
